 Dungeon Crawl Stone Soup version 0.22-a0-247-gbddf880 (webtiles) character file.

704 Amnesiac the Prestidigitator (level 7, 0/38 HPs)
             Began as a Deep Elf Artificer on Feb 25, 2018.
             Slain by a giant cockroach (1 damage)
             ... on level 2 of the Dungeon.
             The game lasted 00:10:14 (5476 turns).

Amnesiac the Prestidigitator (Deep Elf Artificer)   Turns: 5476, Time: 00:10:15

Health: 0/38       AC:  3    Str: 11    XL:     7   Next: 39%
Magic:  16/16      EV: 13    Int: 16    God:
Gold:   129        SH:  0    Dex: 21    Spells: 6/6 levels left

rFire    . . .     SeeInvis .   a - +0 hunting sling
rCold    . . .     Gourm    .   (no shield)
rNeg     . . .     Faith    .   u - +0 leather armour
rPois    .         Spirit   .   (no helmet)
rElec    .         Reflect  .   (no cloak)
rCorr    .         Harm     .   (no gloves)
MR       .....                  (no boots)
Stlth    ++........             (no amulet)
HPRegen  0.12/turn              i - +3 ring of dexterity
MPRegen  0.15/turn              k - +3 ring of dexterity

@: no status effects
A: no striking features
a: no special abilities


You were on level 2 of the Dungeon.
You were hungry.

You visited 2 branches of the dungeon, and saw 6 of its levels.

You collected 129 gold pieces.

Inventory:

Hand Weapons
 a - a +0 hunting sling (weapon)
 b - a +0 short sword
 l - a +0 shortbow
 q - a +0 mace
Missiles
 j - 141 stones (quivered)
 s - 61 arrows
 x - 37 poisoned needles
Armour
 u - a +0 leather armour (worn)
Jewellery
 i - a +3 ring of dexterity (left hand)
 k - a +3 ring of dexterity (right hand)
 t - an uncursed ring of see invisible
 v - an uncursed ring of ice
Wands
 d - a wand of enslavement (11)
 e - a wand of random effects (13)
Scrolls
 y - a scroll of fog {!r, unknown}
 z - a scroll of teleportation {!r, unknown}
 A - a scroll of enchant weapon {!r, unknown}
 B - a scroll of fear {!r, unknown}
Potions
 c - a potion of magic {!q, unknown}
 g - a potion of curing {!q}
 h - 2 potions of brilliance {!q, unknown}
 m - a potion of haste {!q, unknown}
 n - a potion of flight {!q, unknown}
 p - 2 potions of berserk rage {!q}
 r - 2 potions of might {!q}
Comestibles
 f - 9 rations


   Skills:
 - Level 1.0 Fighting
 - Level 1.0 Short Blades
 - Level 1.0 Armour
 - Level 2.4 Dodging
 - Level 1.2 Stealth
 * Level 9.3 Evocations


You had 6 spell levels left.
You didn't know any spells.

Dungeon Overview and Level Annotations

Branches:
Dungeon (5/15)             Temple (1/1) D:5

Altars:
Cheibriados
Elyvilon
Fedhas
Hepliaklqana
Kikubaaqudgha
Makhleb
Okawaru
Qazlal
Sif Muna
Trog
Uskayaw
Wu Jian
Xom
Yredelemnul
Zin

Shops:
D:4 *


Message History

Aim: a giant cockroach (clinging)
You shoot a stone.
The stone hits the kobold but does no damage.
The quokka barely misses you. The giant cockroach closely misses you.
The kobold closely misses you.
Firing (i - inventory)
j - 145 stones (quivered)
Press: ? - help, Shift-Dir - straight line, f/p - kobold
Aim: a kobold, wearing a leather armour You shoot a stone.
The stone closely misses the kobold.
The giant cockroach bites you but does no damage.
The quokka misses you. The kobold misses you.
The giant cockroach barely misses you. The quokka closely misses you.
Firing (i - inventory)
j - 144 stones (quivered)
Press: ? - help, Shift-Dir - straight line, f/p - kobold
Aim: a kobold, wearing a leather armour You shoot a stone.
The stone hits the kobold.
The kobold is moderately wounded.
The kobold closely misses you. The quokka closely misses you.
The giant cockroach completely misses you.
The kobold closely misses you.
Firing (i - inventory)
j - 143 stones (quivered)
Press: ? - help, Shift-Dir - straight line, f/p - kobold
Aim: a kobold, wearing a leather armour (moderately wounded)
You shoot a stone.
The stone hits the kobold but does no damage.
The kobold is moderately wounded.
The quokka closely misses you. The giant cockroach misses you.
The kobold barely misses you. The quokka barely misses you.
The giant cockroach bites you but does no damage.
Firing (i - inventory)
j - 142 stones (quivered)
Press: ? - help, Shift-Dir - straight line, f/p - kobold
Aim: a kobold, wearing a leather armour (moderately wounded)
You shoot a stone. The stone barely misses the kobold.
The quokka bites you.
* * * LOW HITPOINT WARNING * * *
The giant cockroach bites you.
* * * LOW HITPOINT WARNING * * *
The kobold hits you.
* * * LOW HITPOINT WARNING * * *
You see here 4 stones.
The quokka closely misses you.
You are too injured to fight recklessly!
The giant cockroach closely misses you.
Found 13 sling bullets.
You see here 3 stones.
You are too injured to fight recklessly!
Found a scroll labeled YRACAESYASCH.
The quokka misses you.
The gnoll shouts!
You hear a shout! x2; The gnoll shouts!
The giant cockroach misses you. The gnoll barely misses you.
A rat comes into view.
The rat bites you but does no damage.
The giant cockroach bites you but does no damage.
The rat barely misses you. The rat bites you.
* * * LOW HITPOINT WARNING * * *
The gnoll shouts!
The gnoll shouts!
The gnoll hits you with a dagger.
* * * LOW HITPOINT WARNING * * *
The gnoll hits you.
* * * LOW HITPOINT WARNING * * *
The giant cockroach bites you.
You die...

#.........# ##.#
#.........###...#
#.........#.....
#.....r..K..#
#####.###r.## #.#
#.## #.###r#
#..##s#####
##..gg@...#
#..........#
#.........##
#........## .
#........# #.##
#........#
#....#.##?...##
#..(####...
##...## .#.


You could see 2 gnolls, a quokka, a giant cockroach, a kobold and a rat.

Vanquished Creatures
  An ogre (D:4)
  2 centaurs (D:5)
  A howler monkey (D:5)
  A jelly (D:5)
  2 orc priests (D:5)
  A hound (D:5)
  3 orc wizards (D:5)
  A bullfrog skeleton (D:5)
  2 worker ants
  3 gnolls (D:5)
  7 adders
  A shadow imp (D:5)
  An ooze (D:1)
  2 worms (D:5)
  2 dart slugs
  5 leopard geckos
  8 orcs
  A giant cockroach (D:5)
  4 goblins
  5 hobgoblins
  2 jackals (D:2)
  5 kobolds (D:1)
  3 ball pythons
  5 bats
  7 frilled lizards
  A jackal skeleton (D:5)
  A quokka skeleton (D:4)
  3 rats
80 creatures vanquished.

Vanquished Creatures (collateral kills)
  A hound (D:5)
  An orc priest (D:4)
  A worm (D:4)
  A rat (D:1)
4 creatures vanquished.

Vanquished Creatures (others)
  A kobold (D:1)
  5 toadstools (D:1)
6 creatures vanquished.

Grand Total: 90 creatures vanquished

Notes
Turn   | Place    | Note
-------+----------+-------------------------------------------
     0 | D:1      | Amnesiac the Deep Elf Artificer began the quest for the Orb.
     0 | D:1      | Reached XP level 1. HP: 11/11 MP: 5/5
   241 | D:1      | Reached skill level 1 in Fighting
   441 | D:1      | Reached XP level 2. HP: 1/16 MP: 6/6
   982 | D:1      | Reached skill level 4 in Evocations
  1167 | D:1      | Reached skill level 1 in Armour
  1335 | D:1      | Reached XP level 3. HP: 15/20 MP: 8/8
  1910 | D:4      | Found a blossoming altar of Fedhas.
  1953 | D:4      | Noticed an ogre
  2003 | D:4      | Reached skill level 5 in Evocations
  2003 | D:4      | Reached XP level 4. HP: 6/25 MP: 9/9
  2049 | D:4      | Killed an ogre
  2049 | D:4      | Reached skill level 6 in Evocations
  2049 | D:4      | Reached XP level 5. HP: 11/29 MP: 9/11
  2803 | D:4      | Found Caufer's Elemental Accessories.
  3201 | D:5      | Entered Level 5 of the Dungeon
  3240 | D:5      | Noticed a centaur
  3243 | D:5      | Killed a centaur
  3243 | D:5      | Reached skill level 7 in Evocations
  3243 | D:5      | Reached XP level 6. HP: 6/34 MP: 13/13
  3531 | D:5      | Reached skill level 8 in Evocations
  3590 | D:5      | Found a shimmering altar of Xom.
  3977 | D:5      | Reached XP level 7. HP: 19/38 MP: 15/15
  4133 | D:5      | Noticed a dagger
  4133 | D:5      | Noticed a dagger
  4135 | D:5      | Found a hide-covered altar of Uskayaw.
  4428 | D:5      | Reached skill level 9 in Evocations
  4942 | D:5      | Found a staircase to the Ecumenical Temple.
  5246 | Temple   | Entered the Ecumenical Temple
  5475 | D:2      | HP: 1/38 [gnoll (2)]
  5476 | D:2      | Slain by a giant cockroach

Vault maps used:
D:1:      ldierk_walled_garden
D:2:      first_ration, uniq_robin, uniq_crazy_yiuf_cottage
D:3:      nemelex_altar_shiori, okawaru_ov_weapons_minmay
D:4:      fedhas_altar_2, nicolae_elemental_shop
D:5:      xom_butterflies, dancing_weapons_uskayaw, minmay_temple_entry_poolview
Temple:   minmay_temple_bridge_abc

Skill      XL: |  1  2  3  4  5  6  7 |
---------------+----------------------+-----
Fighting       | 1 |  1.0
Evocations     | 4 5 6 7 8 9 |  9.3
Armour         | 1 |  1.0
Short Blades   | |  1.0
Dodging        | |  2.4
Stealth        | |  1.2

Action                   |  1- 3 |  4- 6 |  7- 9 || total
-------------------------+-------+-------+-------++-------
Melee: Short sword       |    71 |       |       ||    71
       Hunting sling     |       |     1 |     7 ||     8
 Fire: Hunting sling     |    69 |   131 |    69 ||   269
Evoke: Wand              |     7 |    20 |     8 ||    35
  Use: Scroll            |     5 |     1 |       ||     6
       Potion            |       |     1 |     1 ||     2
 Stab: Sleeping          |     1 |       |       ||     1
  Eat: Chunk             |     3 |     6 |     4 ||    13
Armor: Leather armour    |    24 |     9 |    15 ||    48
Dodge: Dodged            |    92 |    34 |    70 ||   196

Table legend:
 A = Spawn XP
 B = Non-spawn XP
 C = Spawn XP percentage of total XP
 D = Spawn monster count
 E = Non-spawn monster count
 F = Spawn count percentage of total count
 G = Total turns spent on level
                    A         B        C        D         E        F      G
               +---------+---------+-------+---------+---------+-------+---------
         Total |       0 |    1006 |   0.0 |       0 |      84 |   0.0 |  5476
               +---------+---------+-------+---------+---------+-------+---------
           D:1 |       0 |      51 |   0.0 |       0 |      22 |   0.0 |  1620
           D:2 |       0 |      17 |   0.0 |       0 |      10 |   0.0 |   224
           D:3 |       0 |      12 |   0.0 |       0 |       4 |   0.0 |   184
           D:4 |       0 |     269 |   0.0 |       0 |      18 |   0.0 |  1317
           D:5 |       0 |     657 |   0.0 |       0 |      30 |   0.0 |  2084
               +---------+---------+-------+---------+---------+-------+---------
